 Dungeon Crawl Stone Soup version 0.28-a0-983-g1de4e0787c (webtiles) character file.

Game seed: 14581122775324461491

97 kae the Ruffian (level 4, -2/35 HPs)
             Began as a Draconian Transmuter on Dec 2, 2021.
             Splashed by a jelly's acid (7 damage)
             ... on level 3 of the Dungeon.
             The game lasted 00:01:23 (2860 turns).

kae the Ruffian (Draconian Transmuter)              Turns: 2860, Time: 00:01:23

Health: -2/35      AC: -14   Str: 13    XL:     4   Next: 42%
Magic:  6/8        EV: 19    Int: 15    God:
Gold:   87         SH:  0    Dex: 16    Spells: 4/8 levels left

rFire   . . .      SeeInvis .     - Unarmed
rCold   . . .      Faith    .   (shield currently unavailable)
rNeg    . . .      Spirit   .   (armour unavailable)
rPois   x          Reflect  .   (helmet currently unavailable)
rElec   .          Harm     .   (cloak currently unavailable)
rCorr   .          Rampage  .   (gloves currently unavailable)
Will    .....                   (boots currently unavailable)
Stlth   +.........              (no amulet)
HPRegen 0.11/turn               (no ring)
MPRegen 0.11/turn               (no ring)

@: spider-form (expiring), corroded
A: venomous fangs, AC +5, tiny, unfitting armour, (cold-blooded)
a: End Transformation


You were on level 3 of the Dungeon.
You were a venomous arachnid creature.
You visited 1 branch of the dungeon, and saw 3 of its levels.

You collected 87 gold pieces.

Inventory:

Hand Weapons
 b - a +7 club (melded)
Jewellery
 i - an amulet of the acrobat
 j - an amulet of faith
Scrolls
 c - a scroll of brand weapon
 e - a scroll of fear
Potions
 a - a potion of haste
 g - a potion of brilliance


   Skills:
 - Level 1.1 Fighting
 - Level 1.7 Dodging
 + Level 3.6 Unarmed Combat
 + Level 2.7 Spellcasting
 * Level 3.6 Transmutations


You had 4 spell levels left.
You knew the following spells:

 Your Spells              Type           Power      Damage    Failure   Level
a - Beastly Appendage     Tmut           26%        N/A       14%         1
b - Spider Form           Tmut/Pois      7%         N/A       50%         3

Your spell library contained the following spells:

 Spells                   Type           Power      Damage    Failure   Level
 Wereblood                Tmut           13%        N/A       19%         2
 Ice Form                 Ice/Tmut       7%         N/A       85%         4


Dungeon Overview and Level Annotations

Branches:
Dungeon (3/15)

Altars:

Shops:
D:1 :

Annotations:
D:1 1 runed translucent door


Innate Abilities, Weirdness & Mutations

You are a venomous arachnid creature.
You have poisonous fangs.
You are tiny and dextrous.
Your spellcasting is less reliable in this form.
Your armour is entirely melded.
You are incapable of wielding weapons or throwing items.
((Your plain brown scales are hard. (AC +5)))
You cannot fit into any form of body armour.
((You are cold-blooded and may be slowed by cold attacks.))


Message History

The spell is quite dangerous to miscast (28% risk of failure)!
Continue anyway? [Y]es or [N]o only, please.
The spell is quite dangerous to miscast (28% risk of failure)!
Continue anyway?
You turn into a venomous arachnid creature.
Your +7 club melds into your body.
You climb downwards.
There is a stone staircase leading up here.
No target in view!
No target in view!
No target in view!
No target in view!
A jelly is nearby!
You hit the jelly.
Your front legs burn!
The jelly is lightly wounded.
Your transformation is almost over.
The jelly barely misses you.
You hit the jelly. The acid corrodes you!
Your front legs burn!
The jelly is moderately wounded.
The jelly hits you. The acid corrodes you!
You are splashed with acid!
You are too injured to fight recklessly!
You are too injured to fight recklessly!
You are too injured to fight recklessly!
You are too injured to fight recklessly!
You are too injured to fight recklessly!
You are too injured to fight recklessly!
You hit the jelly. The acid corrodes you!
Your front legs burn!
The jelly is heavily wounded.
The jelly barely misses you.
You hit the jelly.
Your front legs burn!
* * * LOW HITPOINT WARNING * * *
The jelly is heavily wounded.
The jelly barely misses you.
You hit the jelly.
The jelly is poisoned.
The acid corrodes you!
Your front legs burn!
* * * LOW HITPOINT WARNING * * *
The jelly is severely wounded.
The jelly hits you.
* * * LOW HITPOINT WARNING * * *
You are splashed with acid!
You die...

****,**,*,,,,,,,**,*,*,**,
*,,,,,,,*,*****,**,,,,,**,
**,****,,,,,,,,*,*,,*,*,,*,
*,,##**,,,,*,*,*,,,,,,,,,,,
*,,...,,,,,*,,>,,,,,,,,,,,,
*,,#.#.,*,,***,*,,,,,,**,**
*,,.....,,,,,,,,,,,,,,,,,,,
*,,#.#...###*,**,,*,,******
**,.......s#,,,,,,,,,,,,,,,
**####....J......,***,,,,,
###.#.#.....^*,*,,,,,
#......[..,***,,,,,
#.#.#.....,,,,,,,,,
#.........,,,,,,,,,
##.#......,,,,,,,,,
#........,,,,,,,,,
***,,,,,,,,,,,,,,,


You could see a jelly (poisoned).

Vanquished Creatures
  A hound (D:1)
  Jessica (D:2)
  An adder (D:2)
  A worm (D:2)
  4 endoplasms
  A giant cockroach (D:1)
  5 hobgoblins
  3 kobolds
  3 quokkas (D:2)
  2 ball pythons (D:2)
  2 bats (D:1)
  2 goblins
  4 rats
30 creatures vanquished.

Notes
Turn   | Place    | Note
-------+----------+-------------------------------------------
     0 | D:1      | kae the Draconian Transmuter began the quest for the Orb.
     0 | D:1      | Reached XP level 1. HP: 16/16 MP: 3/3
     1 | D:1      | Found a runed translucent door.
   155 | D:1      | Found Oppud's Book Boutique.
   355 | D:1      | Reached XP level 2. HP: 13/23 MP: 3/5
  1393 | D:2      | Noticed Jessica
  1426 | D:1      | HP: 1/23 [hound (1)]
  1428 | D:1      | Reached XP level 3. HP: 2/28 MP: 6/6
  1719 | D:1      | Learned a level 3 spell: Spider Form
  1732 | D:2      | Killed Jessica
  1733 | D:2      | Reached XP level 4. HP: 4/35 MP: 0/7
  2860 | D:3      | Splashed by a jelly's acid

Illustrated notes

Levels and vault maps discovered:
D:1:      dpeg_arrival_caged_fury, layout_basic, serial_shops, shop_statue,
          serial_corexii_hall, chequers_hall_statues_y, corexii_hall_statues_u,
          chequers_hall_statues_y, corexii_hall_statues_u,
          corexii_hall_statues_t, corexii_hall_statues_u,
          chequers_serial_rivers_micro_a, minmay_pentomino_x4
D:2:      layout_basic, minmay_unequal, uniq_jessica
D:3:      layout_basic, mainiacjoe_overflow_boulevard,
          hellmonk_ecumenical_altar_defaced_shrine, serial_glass,
          glass_columns_a, glass_columns_a, glass_columns_a, glass_columns_b,
          glass_columns_a, glass_columns_c, glass_columns_a, glass_columns_a,
          due_unseen_surprise, item_on_display_a, minmay_strange_pillars,
          chequers_arboretum, uniq_grinder

Skill      XL: |  1  2 |
---------------+-------+-----
Transmutations | 3 |  3.6
Fighting       | |  1.1
Dodging        | |  1.7
Unarmed Combat | |  3.6
Spellcasting   | |  2.7

Action                   |  1- 3 |  4- 6 || total
-------------------------+-------+-------++-------
Melee: Unarmed           |    63 |     9 ||    72
       Tailslap          |     6 |       ||     6
       Kick              |     7 |     2 ||     9
       Headbutt          |     4 |     1 ||     5
       Club              |       |    25 ||    25
 Cast: Beastly Appendage |     8 |     8 ||    16
       Spider Form       |     1 |     2 ||     3
  Use: Scroll            |     4 |     5 ||     9
Armor: Skin              |    27 |     6 ||    33
Dodge: Dodged            |    60 |    26 ||    86

Table legend: (Time is in decaauts)
 A = Elapsed time spent in this place.
 B = Non-inter-level travel time spent in this place.
 C = Inter-level travel time spent in this place.
 D = Time resting spent in this place.
 E = Time spent auto-exploring this place.
 F = Levels seen in this place.
 G = Mean time per level.
                   A        B        C        D        E       F      G
               +--------+--------+--------+--------+--------+-----+--------+
         Total |   2868 |   2794 |     74 |    213 |   2295 |   3 |  956.0 |
       Dungeon |   2868 |   2794 |     74 |    213 |   2295 |   3 |  956.0 |
               +--------+--------+--------+--------+--------+-----+--------+

Top non-repeatable levels by time:
     D:1: 1624 daAuts
     D:2: 1223 daAuts
     D:3: 20 daAuts
